3AA
ASHEVILLE HIGHLANDERS @ MARQUETTE MINERS
06/22/2042
 
TOP OF THE 1ST
Asheville Highlanders batting - Pitching for Marquette Miners : LHP Herman Griffin
Pitching: LHP Herman Griffin
Batting: RHB Tony Castellanos 0-0: Ball
1-0: Fly out, F8 (Flyball, 89M, EV 88.1 MPH)
Batting: RHB Tikaroa Hakapuna 0-0: Called Strike
0-1: Ball
1-1: Reached on error, E6 (Groundball, 6, EV 83.1 MPH)
Batting: RHB José Portiz 0-0: Ball
1-0: Called Strike
1-1: Ball
2-1: Foul Ball, location: 2F
2-2: SINGLE (Groundball, 56, EV 103.8 MPH) (infield hit)
Tikaroa Hakapuna to second
Batting: RHB Dusan Kontic 0-0: Hit by Pitch
Tikaroa Hakapuna to third
José Portiz to second
Batting: SHB Dean Barthorpe 0-0: Called Strike
0-1: Swinging Strike
0-2: Ball
1-2: Foul Ball, location: 2F
1-2: Ball
2-2: Fly out, F3 (Line Drive, 3, EV 65.6 MPH)
Batting: RHB Ivano Pohvisnev 0-0: Ball
1-0: Ball
2-0: Foul Ball, location: 2F
2-1: Called Strike
2-2: Ball
3-2: Base on Balls
Tikaroa Hakapuna scores
José Portiz to third
Dusan Kontic to second
Batting: LHB Mark Mears 0-0: Ball
1-0: Called Strike
1-1: Ball
2-1: Ball
3-1: Called Strike
3-2: Strikes out swinging
Top of the 1st over - 1 run, 1 hit, 1 error, 3 left on base; Asheville 1 - Marquette 0
BOTTOM OF THE 1ST
Marquette Miners batting - Pitching for Asheville Highlanders : LHP Dan Dunn
Pitching: LHP Dan Dunn
Batting: RHB Richard Mitchell 0-0: Ball
1-0: Ball
2-0: Ball
3-0: Base on Balls
Batting: RHB Roland Rankin 0-0: Ball
1-0: Ball
2-0: Foul Ball, location: 2F
2-1: Fly out, F8 (Flyball, 8LM, EV 91.2 MPH)
Batting: RHB Alfred Howard Biggs 0-0: Fielders Choice at 2nd, 4-6 (Groundball, 4D, EV 91.2 MPH)
Batting: RHB Colton Shepard 0-0: Called Strike
0-1: Ball
1-1: Ball
2-1: Swinging Strike
2-2: Strikes out swinging
Bottom of the 1st over - 0 runs, 0 hits, 0 errors, 1 left on base; Asheville 1 - Marquette 0
TOP OF THE 2ND
Asheville Highlanders batting - Pitching for Marquette Miners : LHP Herman Griffin
Batting: SHB Wendell Palmer 0-0: Called Strike
0-1: Fly out, F9 (Flyball, 9D, EV 93.1 MPH)
Batting: LHB Frank Morris 0-0: Ball
1-0: Ball
2-0: Ball
3-0: Called Strike
3-1: Swinging Strike
3-2: SINGLE (Flyball, 7S, EV 90.0 MPH)
Batting: RHB Tony Castellanos 0-0: Ball
1-0: Ground out 5-3 (Groundball, 56S, EV 70.6 MPH)
Frank Morris to second
Batting: RHB Tikaroa Hakapuna 0-0: Called Strike
0-1: Ball
1-1: Ball
2-1: Ball
3-1: SINGLE (Groundball, 4D, EV 97.5 MPH)
Frank Morris to third
Runner from 3rd tries for Home, SAFE, throw by RF to home
Batting: RHB José Portiz 0-0: Ball
1-0: Foul Ball, location: 2F
1-1: Fielders Choice at 2nd, 6-4 (Groundball, 6, EV 101.2 MPH)
Top of the 2nd over - 1 run, 2 hits, 0 errors, 1 left on base; Asheville 2 - Marquette 0
BOTTOM OF THE 2ND
Marquette Miners batting - Pitching for Asheville Highlanders : LHP Dan Dunn
Batting: LHB Steve Chittick 0-0: SINGLE (Groundball, 4MD, EV 98.1 MPH)
Batting: RHB Kiril Neuvel 0-0: Ball
1-0: Ball
2-0: Foul Ball, location: 2F
2-1: Fly out, F4 (Line Drive, 4, EV 73.8 MPH)
Batting: LHB Bill Knight 0-0: Fly out, F8 (Line Drive, 8RM, EV 108.8 MPH)
Batting: RHB Andy Noonkester 0-0: Swinging Strike
0-1: Ball
1-1: Ball
2-1: Fly out, F6 (Popup, 6MD, EV 60.0 MPH)
Bottom of the 2nd over - 0 runs, 1 hit, 0 errors, 1 left on base; Asheville 2 - Marquette 0
TOP OF THE 3RD
Asheville Highlanders batting - Pitching for Marquette Miners : LHP Herman Griffin
Batting: RHB Dusan Kontic 0-0: Called Strike
0-1: Ground out 1-3 (Groundball, 13S, EV 68.1 MPH)
Batting: SHB Dean Barthorpe 0-0: Called Strike
0-1: Foul Ball, location: 2F
0-2: Strikes out looking
Batting: RHB Ivano Pohvisnev 0-0: Ball
1-0: Called Strike
1-1: Called Strike
1-2: Foul Ball, location: 2F
1-2: Strikes out looking
Top of the 3rd over - 0 runs, 0 hits, 0 errors, 0 left on base; Asheville 2 - Marquette 0
BOTTOM OF THE 3RD
Marquette Miners batting - Pitching for Asheville Highlanders : LHP Dan Dunn
Batting: RHB Martin Payton 0-0: Foul Ball, location: 2F
0-1: Ball
1-1: Ball
2-1: Fly out, F9 (Flyball, 9S, EV 81.9 MPH)
Batting: RHB Richard Mitchell 0-0: Swinging Strike
0-1: Ball
1-1: Swinging Strike
1-2: Ball
2-2: Ground out 4-3 (Groundball, 4, EV 85.6 MPH)
Batting: RHB Roland Rankin 0-0: Ball
1-0: Called Strike
1-1: Fly out, F8 (Flyball, 78D, EV 102.5 MPH)
Bottom of the 3rd over - 0 runs, 0 hits, 0 errors, 0 left on base; Asheville 2 - Marquette 0
TOP OF THE 4TH
Asheville Highlanders batting - Pitching for Marquette Miners : LHP Herman Griffin
Batting: LHB Mark Mears 0-0: Ground out 1-3 (Groundball, 34S, EV 79.4 MPH)
Batting: SHB Wendell Palmer 0-0: Ball
1-0: Ground out 4-3 (Groundball, 34, EV 103.1 MPH)
Batting: LHB Frank Morris 0-0: Ball
1-0: Ball
2-0: Foul Ball, location: 2F
2-1: SINGLE (Line Drive, 4D, EV 106.9 MPH)
Batting: RHB Tony Castellanos 0-0: Ball
1-0: Called Strike
1-1: Ball
2-1: DOUBLE (Line Drive, 89M, EV 97.5 MPH)
Frank Morris to third
Batting: RHB Tikaroa Hakapuna 0-0: SINGLE (Groundball, 56D, EV 96.2 MPH)
Frank Morris scores
Tony Castellanos to third
Runner from 3rd tries for Home, SAFE, no throw by LF
Batting: RHB José Portiz 0-0: Ball
1-0: SINGLE (Groundball, 6MD, EV 105.0 MPH)
Tikaroa Hakapuna to second
Runner from 2nd tries for 3rd, SAFE, no throw by CF
Batting: RHB Dusan Kontic 0-0: Called Strike
0-1: Ball
1-1: Fly out, F7 (Flyball, 78S, EV 87.5 MPH)
Top of the 4th over - 2 runs, 4 hits, 0 errors, 2 left on base; Asheville 4 - Marquette 0
BOTTOM OF THE 4TH
Marquette Miners batting - Pitching for Asheville Highlanders : LHP Dan Dunn
Batting: RHB Alfred Howard Biggs 0-0: Called Strike
0-1: DOUBLE (Line Drive, 78D, EV 111.9 MPH)
Batting: RHB Colton Shepard 0-0: Foul Ball, location: 2F
0-1: Foul Ball, location: 2F
0-2: Strikes out swinging, 2-3 out at first.
Batting: LHB Steve Chittick 0-0: Ball
1-0: Fly out, F7 (Flyball, 7LS, EV 79.4 MPH)
Batting: RHB Kiril Neuvel 0-0: Fly out, F9 (Flyball, 9LD, EV 103.1 MPH)
Bottom of the 4th over - 0 runs, 1 hit, 0 errors, 1 left on base; Asheville 4 - Marquette 0
TOP OF THE 5TH
Asheville Highlanders batting - Pitching for Marquette Miners : LHP Herman Griffin
Batting: SHB Dean Barthorpe 0-0: Foul Ball, location: 2F
0-1: Ball
1-1: Ball
2-1: Called Strike
2-2: Foul Ball, location: 2F
2-2: Ground out 1-3 (Groundball, 23, EV 65.6 MPH)
Batting: RHB Ivano Pohvisnev 0-0: Ball
1-0: Ball
2-0: Ball
3-0: Called Strike
3-1: Ground out 1-3 (Groundball, 34S, EV 86.2 MPH)
Batting: LHB Mark Mears 0-0: Called Strike
0-1: Ball
1-1: Called Strike
1-2: Foul Ball, location: 2F
1-2: Foul Ball, location: 2F
1-2: Ball
2-2: Strikes out swinging
Top of the 5th over - 0 runs, 0 hits, 0 errors, 0 left on base; Asheville 4 - Marquette 0
BOTTOM OF THE 5TH
Marquette Miners batting - Pitching for Asheville Highlanders : LHP Dan Dunn
Batting: LHB Bill Knight 0-0: Called Strike
0-1: Ball
1-1: Ground out 5-3 (Groundball, 5L, EV 81.9 MPH)
Batting: RHB Andy Noonkester 0-0: Foul Ball, location: 2F
0-1: Ball
1-1: Called Strike
1-2: Strikes out swinging
Batting: RHB Martin Payton 0-0: Ball
1-0: Ball
2-0: Foul Ball, location: 2F
2-1: Fly out, F8 (Flyball, 8RXD, EV 95.0 MPH)
Bottom of the 5th over - 0 runs, 0 hits, 0 errors, 0 left on base; Asheville 4 - Marquette 0
TOP OF THE 6TH
Asheville Highlanders batting - Pitching for Marquette Miners : LHP Herman Griffin
Batting: SHB Wendell Palmer 0-0: Ball
1-0: Foul Ball, location: 2F
1-1: Foul Ball, location: 2F
1-2: Ball
2-2: Foul Ball, location: 2F
2-2: Foul Ball, location: 2F
2-2: Strikes out swinging
Batting: LHB Frank Morris 0-0: Called Strike
0-1: Fly out, F7 (Flyball, 7S, EV 84.4 MPH)
Batting: RHB Tony Castellanos 0-0: Foul Ball, location: 2F
0-1: Swinging Strike
0-2: Fly out, F6 (Popup, 6D, EV 60.0 MPH)
Top of the 6th over - 0 runs, 0 hits, 0 errors, 0 left on base; Asheville 4 - Marquette 0
BOTTOM OF THE 6TH
Marquette Miners batting - Pitching for Asheville Highlanders : LHP Dan Dunn
Batting: RHB Richard Mitchell 0-0: Ball
1-0: Ball
2-0: Ball
3-0: Called Strike
3-1: Base on Balls
Batting: RHB Roland Rankin 0-0: Foul Ball, location: 2F
0-1: Called Strike
0-2: Ball
1-2: Fly out, F9 (Flyball, 89S, EV 89.4 MPH)
Batting: RHB Alfred Howard Biggs 0-0: Ball
Richard Mitchell steals 2nd base
1-0: Ground out U3 (Groundball, 34, EV 84.4 MPH)
Richard Mitchell to third
Batting: RHB Colton Shepard 0-0: Called Strike
0-1: Ball
1-1: Fly out, F8 (Flyball, 8RM, EV 81.9 MPH)
Bottom of the 6th over - 0 runs, 0 hits, 0 errors, 1 left on base; Asheville 4 - Marquette 0
TOP OF THE 7TH
Asheville Highlanders batting - Pitching for Marquette Miners : LHP Herman Griffin
Pitching: RHP Dennis van Putten
Batting: RHB Tikaroa Hakapuna 0-0: Ball
1-0: Fly out, F7 (Flyball, 78S, EV 92.5 MPH)
Batting: RHB José Portiz 0-0: Ball
1-0: Ball
2-0: Called Strike
2-1: Called Strike
2-2: Hit by Pitch
Batting: RHB Dusan Kontic 0-0: Ball
1-0: Foul Ball, location: 2F
1-1: Ball
2-1: SINGLE (Flyball, 4MD, EV 100.6 MPH)
José Portiz to second
Runner from 2nd tries for 3rd, OUT after rundown.
Batting: SHB Dean Barthorpe 0-0: Ball
1-0: Fly out, F9 (Line Drive, 9, EV 101.9 MPH)
Top of the 7th over - 0 runs, 1 hit, 0 errors, 1 left on base; Asheville 4 - Marquette 0
BOTTOM OF THE 7TH
Marquette Miners batting - Pitching for Asheville Highlanders : LHP Dan Dunn
Batting: LHB Steve Chittick 0-0: Fly out, F5 (Popup, 5F, EV 72.5 MPH)
Batting: RHB Kiril Neuvel 0-0: Ball
1-0: Foul Ball, location: 2F
1-1: Foul Ball, location: 2F
1-2: Strikes out swinging
Batting: LHB Bill Knight 0-0: Ball
1-0: Ball
2-0: Ball
3-0: Base on Balls
Batting: RHB Andy Noonkester 0-0: Ball
1-0: Swinging Strike
1-1: Fly out, F3 (Popup, 34, EV 64.4 MPH)
Bottom of the 7th over - 0 runs, 0 hits, 0 errors, 1 left on base; Asheville 4 - Marquette 0
TOP OF THE 8TH
Asheville Highlanders batting - Pitching for Marquette Miners : RHP Dennis van Putten
Batting: RHB Ivano Pohvisnev 0-0: Foul Ball, location: 2F
0-1: Ball
1-1: Foul Ball, location: 2F
1-2: Ball
2-2: Foul Ball, location: 2F
2-2: SINGLE (Line Drive, 8LS, EV 100.6 MPH)
Batting: LHB Mark Mears 0-0: Called Strike
0-1: Called Strike
0-2: Fielders Choice at 2nd, 3-6 (Groundball, 3, EV 103.1 MPH)
Batting: SHB Wendell Palmer 0-0: Ball
Pickoff Throw to First - Out! 1-3
1-0: Foul Ball, location: 2F
1-1: Swinging Strike
1-2: Foul Ball, location: 2F
1-2: SINGLE (Groundball, 34S, EV 91.2 MPH) (infield hit)
Batting: LHB Frank Morris 0-0: Ball
1-0: Ball
2-0: Ball
3-0: Called Strike
3-1: Base on Balls
Wendell Palmer to second
Batting: RHB Tony Castellanos 0-0: Ball
1-0: Called Strike
1-1: Ground out 4-3 (Groundball, 4S, EV 88.1 MPH)
Top of the 8th over - 0 runs, 2 hits, 0 errors, 2 left on base; Asheville 4 - Marquette 0
BOTTOM OF THE 8TH
Marquette Miners batting - Pitching for Asheville Highlanders : LHP Dan Dunn
Pitching: RHP Ki-tong Teoh
Batting: RHB Martin Payton 0-0: Swinging Strike
0-1: Swinging Strike
0-2: Foul Ball, location: 2F
0-2: Ball
1-2: Strikes out swinging
Batting: RHB Richard Mitchell 0-0: Ball
1-0: Ball
2-0: Called Strike
2-1: Foul Ball, location: 2F
2-2: Reached on error, E3 (Groundball, 3, EV 100.6 MPH)
Batting: RHB Roland Rankin 0-0: Grounds into double play, 4-6-3 (Groundball, 4, EV 103.8 MPH)
Bottom of the 8th over - 0 runs, 0 hits, 1 error, 0 left on base; Asheville 4 - Marquette 0
TOP OF THE 9TH
Asheville Highlanders batting - Pitching for Marquette Miners : RHP Dennis van Putten
Batting: RHB Tikaroa Hakapuna 0-0: Called Strike
0-1: Ball
1-1: Ball
2-1: Called Strike
2-2: Ground out 6-3 (Groundball, 6, EV 93.1 MPH)
Batting: RHB José Portiz 0-0: Swinging Strike
0-1: DOUBLE (Line Drive, 7LM, EV 103.1 MPH)
Batting: RHB Dusan Kontic 0-0: Called Strike
0-1: Ball
1-1: Fly out, F7 (Flyball, 7S, EV 90.0 MPH)
Batting: SHB Dean Barthorpe 0-0: Ball
1-0: Ground out U3 (Groundball, 3, EV 81.2 MPH)
Top of the 9th over - 0 runs, 1 hit, 0 errors, 1 left on base; Asheville 4 - Marquette 0
BOTTOM OF THE 9TH
Marquette Miners batting - Pitching for Asheville Highlanders : RHP Ki-tong Teoh
Pitching: RHP Jason Cannon
Batting: RHB Alfred Howard Biggs 0-0: Ball
1-0: DOUBLE (Line Drive, 5D, EV 105.6 MPH)
Batting: RHB Colton Shepard 0-0: Ball
1-0: Called Strike
1-1: Swinging Strike
1-2: Strikes out swinging
Batting: LHB Steve Chittick 0-0: Called Strike
0-1: Ground out U3 (Groundball, 34, EV 83.8 MPH)
Alfred Howard Biggs to third
Batting: RHB Kiril Neuvel 0-0: Called Strike
0-1: Ball
1-1: Swinging Strike
1-2: Strikes out swinging
Bottom of the 9th over - 0 runs, 1 hit, 0 errors, 1 left on base; Asheville 4 - Marquette 0
Friday, March 26th, 2021 - OOTP Baseball 20.8 Build 74